Map: Prion Terraces

Players

Commando - Winner!

  • Race: Terran Terran
  • League: Diamond

Soletaker

  • Race: Zerg Zerg
  • League: Diamond

VOD

Have the link to the VOD?

Description

Time

  • Played on: Dec. 27, 2015, 7:57 p.m.
  • Length: 29:40
Show
View Real Time Build Order
Export as new Build Order

Commando Terran - Winner!

Build Orders: Hellion Banshee, Mech 

Get SALT Encoding   

  12  0:00  SCV  
  13  0:13  SCV  
  14  0:17  Supply Depot  
  14  0:25  SCV  
  15  0:39  SCV  
  15  0:40  Barracks  
  16  0:51  SCV  
  17  1:03  SCV  
  18  1:15  SCV  
  18  1:17  Command Center  
  19  1:27  Orbital Command  
  19  1:30  Marine  
  20  1:40  Supply Depot  
  20  1:43  Refinery  
  20  1:50  Marine  
  20  1:52  Refinery  
  21  1:54  SCV  
  22  2:07  SCV  
  23  2:08  Marine  
  24  2:19  SCV  
  25  2:26  Marine  
  25  2:29  Orbital Command  
  26  2:31  Factory  
  26  2:45  Barracks Reactor  
  26  2:51  SCV  
  26  2:54  Supply Depot  
  27  2:59  Orbital Command  
  27  3:03  SCV  
  28  3:21  Starport  
  28  3:22  Starport  
  28  3:28  SCV x2  
  30  3:37  Hellion x2  
  30  3:39  Marine  
  30  3:40  SCV x2  
  37  3:52  SCV x2  
  39  3:58  Hellion x2  
  43  4:05  Starport Tech Lab  
  43  4:07  Starport Tech Lab  
  42  4:18  Refinery  
  42  4:21  SCV x2, Hellion x2  
  48  4:25  Cloaking Field  
  48  4:26  Banshee x2  
  48  4:30  Engineering Bay  
  54  4:43  Refinery  
  54  5:02  SCV x2  
  54  5:05  Hellion  
  54  5:06  Hellion  
  54  5:12  Banshee x2  
  58  5:15  SCV  
  58  5:16  Supply Depot  
  58  5:17  Supply Depot  
  58  5:19  SCV  
  60  5:24  Command Center  
  60  5:26  Armory  
  60  5:27  SCV  
  61  5:31  SCV  
  62  5:39  SCV  
  62  5:42  Factory  
  63  5:46  SCV  
  64  5:51  SCV  
  64  5:55  Missile Turret  
  65  6:02  SCV  
  66  6:08  SCV, Missile Turret  
  67  6:14  SCV  
  67  6:15  Missile Turret  
  67  6:17  Supply Depot  
  68  6:20  SCV, Widow Mine x2  
  73  6:26  SCV  
  73  6:31  Liberator  
  73  6:32  Liberator  
  74  6:42  SCV x2  
  76  6:47  Factory Tech Lab  
  82  6:55  Factory  
  82  6:56  SCV x2  
  82  6:57  Missile Turret  
  82  6:58  Terran Vehicle Weapons Level 1  
  84  7:03  Armory, Missile Turret, Planetary Fortress  
  84  7:11  SCV  
  86  7:15  SCV  
  86  7:17  Refinery  
  86  7:23  SCV  
  86  7:24  Refinery  
  86  7:28  SCV  
  86  7:29  Hellion x2  
  92  7:32  Siege Tank  
  92  7:35  SCV  
  96  7:39  Missile Turret  
  96  7:40  SCV  
  97  7:45  SCV  
  97  7:47  SCV  
  97  7:50  Terran Vehicle And Ship Armor Level 1  
  99  7:52  SCV  
  99  7:54  Factory Tech Lab  
  99  7:55  Command Center  
  100  8:08  SCV  
  101  8:13  Supply Depot  
  101  8:17  Supply Depot  
  101  8:33  Supply Depot  
  101  8:34  SCV x3, Siege Tank, Widow Mine  
  101  8:38  Widow Mine  
  101  8:39  Siege Tank  
  113  8:42  Factory  
  113  8:43  Factory  
  113  8:47  SCV x2  
  114  8:52  Liberator x2  
  114  9:06  SCV x2  
  114  9:07  Siege Tank  
  125  9:13  Drilling Claws, Infernal Pre-Igniter  
  125  9:18  Fusion Core  
  125  9:37  Factory Tech Lab x2  
  125  9:38  Widow Mine x2  
  125  9:39  Thor, Siege Tank, SCV x2  
  140  9:49  Terran Vehicle And Ship Armor Level 2, Terran Vehicle Weapons Level 2  
  140  9:53  Command Center  
  140  10:01  Supply Depot  
  140  10:05  Missile Turret  
  140  10:07  Missile Turret  
  140  10:12  Supply Depot  
  140  10:16  Supply Depot, SCV x2  
  140  10:18  Hellion  
  140  10:19  Hellion  
  140  10:22  Siege Tank x2  
  140  10:26  Orbital Command  
  146  10:28  Missile Turret x3  
  146  10:29  Missile Turret  
  146  10:30  Missile Turret  
  146  10:32  SCV x2  
  146  10:33  SCV, Siege Tank x2  
  155  10:38  Advanced Ballistics  
  155  10:40  Hyperflight Rotors  
  155  10:46  SCV x2  
  157  10:55  SCV x2  
  159  11:05  Refinery  
  159  11:09  Refinery  
  159  11:13  SCV x4  
  159  11:15  Siege Tank x3  
  159  11:18  Hellion x3  
  178  11:20  Armory  
  178  11:33  Planetary Fortress  
  178  11:44  Refinery  
  178  11:49  Missile Turret x2  
  178  11:50  Missile Turret  
  178  11:55  Supply Depot  
  178  11:56  Supply Depot  
  178  11:57  Supply Depot  
  178  11:59  Liberator  
  178  12:01  Liberator  
  178  12:05  Terran Ship Weapons Level 1  
  178  12:17  Hellion x2  
  178  12:18  Siege Tank x3  
  178  12:22  Terran Vehicle And Ship Armor Level 3  
  187  12:29  Refinery  
  187  12:31  SCV x2  
  187  12:34  Supply Depot  
  187  12:35  Missile Turret  
  187  12:36  Missile Turret  
  189  12:38  Missile Turret  
  189  12:39  Terran Vehicle Weapons Level 3  
  189  12:58  Missile Turret x2  
  189  12:59  Missile Turret, Raven  
  189  13:00  Missile Turret  
  189  13:03  Missile Turret  
  189  13:04  Missile Turret  
  191  13:05  Missile Turret  
  191  13:15  Starport  
  191  13:19  Starport  
  191  13:21  Hellion x3  
  191  13:22  Hellion  
  191  13:25  Sensor Tower  
  187  13:44  Siege Tank x4  
  180  14:57  Siege Tank x4  
  192  15:05  Starport Reactor x2  
  192  15:18  Raven  
  192  15:19  Raven  
  193  15:29  Siege Tank x2  
  199  15:47  Missile Turret  
  199  15:48  Missile Turret x2  
  199  15:51  Command Center  
  199  15:56  Liberator  
  199  15:58  Command Center  
  199  16:13  Command Center  
  185  16:53  Battlecruiser x2  
  197  17:02  Liberator x4  
  197  17:24  Orbital Command x2  
  197  17:34  Missile Turret x3  
  197  17:40  Liberator  
  197  17:45  Terran Ship Weapons Level 2  
  193  18:29  Weapon Refit  
  190  18:59  Planetary Fortress  
  190  19:01  Refinery  
  190  19:03  Refinery  
  190  19:05  Missile Turret  
  190  19:07  Missile Turret x3  
  162  20:08  Battlecruiser x2  
  174  20:33  Liberator x4  
  163  20:37  Terran Ship Weapons Level 3  
  142  20:51  Siege Tank x2  
  142  20:52  Siege Tank x2  
  163  21:15  Liberator x2  
  163  21:16  Liberator x2  
  169  21:21  Raven  
  169  21:22  Raven  
  169  21:23  Siege Tank  
  169  21:24  Siege Tank  
  179  21:27  Cyclone x2  
  185  21:52  Missile Turret  
  185  21:53  Missile Turret  
  185  21:54  Missile Turret  
  185  21:55  Missile Turret  
  185  21:56  Cyclone x2  
  185  21:59  Cyclone  
  191  22:14  Missile Turret  
  191  22:33  Orbital Command  
  191  22:34  Hi-Sec Auto Tracking  
  191  22:40  Command Center  
  191  22:42  Command Center  
  188  23:18  Liberator x5  
  178  23:31  Building Armor  
  130  24:30  Siege Tank x4  
  97  24:33  Liberator x2  
  97  24:34  Liberator x2  
  91  24:39  Battlecruiser x2  
  109  25:02  Siege Tank x4  
  109  25:03  Refinery  
  109  25:05  Refinery  
  121  25:16  Liberator x3  
  142  25:44  SCV  
  147  25:57  Liberator x3  
  147  25:59  Liberator x2  
  147  26:00  Cyclone x3  
  147  26:01  Cyclone  
  158  26:21  Orbital Command  
  149  26:32  Cyclone  
  149  26:39  Widow Mine x4  
  157  27:06  Raven  
  157  27:07  Widow Mine x4  
  140  28:00  Widow Mine x2  
  140  28:01  Widow Mine  
  146  28:16  Siege Tank x2  
  152  29:15  Hellion x6  
Show
View Real Time Build Order
Export as new Build Order

Soletaker Zerg 

Build Orders: Hatch First, Muta Ling Bane 

Get SALT Encoding   

  12  0:01  Drone  
  13  0:13  Overlord  
  13  0:19  Drone  
  14  0:31  Drone x2  
  16  0:39  Drone  
  17  0:48  Drone  
  18  0:57  Hatchery  
  17  0:59  Drone  
  18  1:05  Extractor  
  18  1:08  Drone  
  18  1:19  Spawning Pool  
  18  1:21  Drone  
  18  1:29  Drone  
  20  1:40  Drone  
  20  1:50  Drone  
  21  2:07  Zergling x2  
  22  2:08  Metabolic Boost  
  22  2:11  Queen x2  
  22  2:14  Drone, Zergling x2  
  28  2:25  Overlord  
  28  2:30  Overlord  
  28  2:44  Drone x2  
  28  2:45  Drone x2  
  32  2:52  Drone  
  33  3:03  Roach Warren  
  32  3:15  Overlord  
  32  3:16  Drone x3  
  35  3:26  Overlord x2  
  35  3:34  Drone x2  
  35  3:35  Drone x4  
  41  3:46  Hatchery  
  40  4:01  Drone x6  
  40  4:02  Drone x3  
  48  4:10  Lair  
  48  4:12  Drone  
  48  4:13  Drone  
  50  4:21  Extractor  
  49  4:25  Queen  
  51  4:43  Roach x4  
  51  4:45  Hatchery  
  57  4:47  Roach  
  57  4:48  Zergling x2  
  60  4:53  Overlord x2  
  58  5:01  Queen  
  56  5:11  Drone x4  
  59  5:16  Spore Crawler  
  59  5:17  Spore Crawler x2  
  56  5:28  Spore Crawler  
  55  5:29  Queen x2  
  55  5:32  Spore Crawler  
  55  5:35  Spore Crawler  
  57  5:37  Spore Crawler  
  57  5:39  Spore Crawler  
  57  5:42  Spore Crawler  
  54  6:02  Drone x6  
  54  6:03  Drone x8  
  54  6:04  Drone  
  69  6:13  Spire  
  69  6:15  Overseer  
  68  6:31  Queen  
  66  6:40  Drone  
  66  6:41  Drone x4  
  66  6:46  Extractor  
  70  6:48  Extractor  
  69  6:54  Extractor x2  
  67  7:03  Baneling Nest  
  67  7:06  Hatchery  
  67  7:07  Overlord x2  
  65  7:13  Queen  
  67  7:16  Drone x2  
  67  7:17  Drone x7  
  67  7:18  Drone x2  
  77  7:32  Mutalisk x3  
  77  7:33  Mutalisk x4  
  91  7:39  Drone x3  
  91  7:40  Hatchery  
  93  7:50  Drone x4  
  93  7:51  Centrifical Hooks  
  97  7:55  Evolution Chamber  
  97  7:57  Evolution Chamber  
  97  7:58  Drone x3  
  98  8:19  Zergling x2  
  99  8:20  Zergling x22  
  110  8:31  Overlord x3  
  108  8:50  Glial Reconstitution  
  108  8:53  Zerg Missile Weapons Level 1  
  100  8:59  Zerg Ground Armor Level 1  
  100  9:00  Drone, Hydralisk Den  
  100  9:01  Drone x7  
  100  9:02  Drone x7  
  112  9:03  Drone x5  
  112  9:04  Queen  
  112  9:09  Queen  
  121  9:12  Roach x3  
  127  9:19  Spore Crawler  
  126  9:26  Roach x3  
  126  9:27  Roach x4  
  140  9:31  Overlord x3  
  140  9:33  Extractor  
  140  9:35  Extractor, Muscular Augments, Spine Crawler, Queen  
  139  9:43  Infestation Pit  
  138  9:57  Roach  
  138  9:58  Roach x7  
  138  9:59  Roach x5  
  163  10:00  Overlord x4  
  163  10:09  Spine Crawler, Tunneling Claws  
  163  10:10  Overlord x4  
  161  10:18  Drone x5  
  161  10:20  Roach x3  
  169  10:30  Hive  
  169  10:39  Roach x5  
  169  10:40  Roach x7  
  193  10:46  Hydralisk x2  
  193  10:47  Hydralisk  
  193  10:49  Overlord x2  
  199  10:51  Zerg Missile Weapons Level 2  
  199  10:54  Zerg Ground Armor Level 2  
  199  11:15  Overlord x2  
  199  11:16  Overlord  
  199  11:28  Spine Crawler  
  198  11:47  Spore Crawler  
  198  11:48  Spore Crawler  
  198  11:49  Viper  
  198  11:50  Spore Crawler  
  198  11:51  Spore Crawler, Viper  
  200  12:08  Spine Crawler  
  197  12:10  Hatchery  
  197  12:12  Queen  
  193  12:34  Overlord  
  193  12:35  Overlord, Hydralisk  
  193  12:36  Hydralisk x2  
  199  13:08  Ultralisk Cavern  
  190  13:32  Spine Crawler  
  189  13:34  Spine Crawler  
  189  13:35  Spine Crawler  
  189  13:36  Spine Crawler  
  158  13:49  Corruptor x5, Greater Spire  
  158  13:50  Corruptor x3  
  174  14:07  Chitinous Plating  
  174  14:10  Ultralisk x4  
  174  14:13  Zerg Ground Armor Level 3, Zerg Missile Weapons Level 3  
  174  14:14  Extractor  
  197  14:18  Extractor  
  189  14:34  Ultralisk  
  189  14:35  Overlord  
  195  14:59  Drone x2  
  198  15:00  Drone x3  
  200  15:20  Spine Crawler x2  
  198  15:21  Spine Crawler  
  198  15:23  Spine Crawler  
  198  15:24  Spine Crawler x2  
  192  15:36  Spore Crawler  
  192  15:37  Spore Crawler  
  192  15:40  Brood Lord x3  
  192  15:41  Brood Lord x2  
  192  15:42  Spore Crawler x2  
  199  15:43  Spore Crawler, Brood Lord  
  199  15:45  Zerg Flyer Weapons Level 1  
  199  15:54  Spore Crawler x2  
  199  15:55  Spore Crawler  
  199  15:56  Drone x4  
  200  16:00  Extractor  
  200  16:02  Extractor  
  198  16:04  Spore Crawler  
  198  16:06  Drone x2  
  198  16:07  Drone  
  200  16:11  Spire  
  200  16:16  Spine Crawler x2  
  200  16:17  Spine Crawler  
  200  16:18  Spine Crawler  
  195  16:20  Viper, Spine Crawler  
  195  16:21  Viper  
  200  16:32  Spore Crawler x2  
  194  16:33  Swarm Host  
  194  16:34  Swarm Host  
  194  16:37  Spore Crawler  
  194  16:39  Spore Crawler  
  195  16:51  Corruptor x2  
  199  17:01  Drone x3, Spine Crawler  
  200  17:13  Drone  
  200  17:14  Drone, Spore Crawler  
  199  18:22  Viper x3  
  186  18:54  Hatchery  
  185  18:57  Corruptor x2  
  185  18:58  Corruptor x5  
  199  19:13  Hatchery, Zerg Melee Weapons Level 1  
  199  19:14  Zerg Flyer Weapons Level 2  
  198  19:20  Pathogen Glands  
  198  19:31  Drone  
  198  19:32  Drone  
  186  20:34  Corruptor x4  
  172  20:44  Drone x3  
  172  20:48  Corruptor x4  
  172  20:49  Corruptor x3  
  167  21:06  Corruptor x2  
  167  21:10  Drone x3  
  167  21:11  Drone  
  175  21:12  Drone  
  176  21:30  Zerg Flyer Armor Level 1  
  170  22:04  Corruptor x6  
  182  22:10  Overseer x3  
  182  22:23  Drone x7  
  182  22:24  Drone x3  
  182  22:27  Spine Crawler  
  182  22:29  Spine Crawler  
  190  22:32  Spine Crawler  
  189  22:37  Brood Lord x2  
  173  23:30  Corruptor x2  
  168  24:05  Brood Lord x4  
  168  24:06  Brood Lord x3  
  126  24:48  Corruptor x3  
  130  25:10  Drone x6  
  130  25:12  Spine Crawler  
  130  25:13  Spine Crawler  
  134  25:16  Spore Crawler x2  
  134  25:17  Spine Crawler  
  125  25:25  Corruptor x3  
  131  25:31  Corruptor x2  
  131  25:32  Corruptor x7  
  131  25:33  Corruptor x3  
  155  25:41  Viper  
  158  26:03  Drone x6  
  158  26:04  Drone x2  
  166  26:28  Corruptor x2  
  166  26:29  Corruptor x3  
  176  26:38  Corruptor x2  
  168  27:03  Drone x4  
  168  27:04  Drone x2  
  165  27:57  Viper x3  
  155  28:05  Infestor  
  153  28:07  Infestor x2  
  119  28:56  Extractor x2  
  111  29:19  Extractor  
  111  29:20  Drone x6  
  111  29:21  Extractor  
Tags
 
Add a new tag
Caveats
  • Supply blocks, unpowered buildings, or Contaminate may cause inaccurate times.
  • Supply counts are checked every 10 seconds.